 Dungeon Crawl Stone Soup version 0.29.1-12-g30fa7ad0bf (webtiles) character file.

Game seed: 16126301367544386174

2907 cdecastro the Cleaver (level 10, -17/76 HPs)
             Began as a Formicid Fighter on Jan 14, 2023.
             Was a Priest of Okawaru.
             Demolished by a death yak (24 damage)
             ... on level 10 of the Dungeon.
             The game lasted 00:14:54 (8991 turns).

cdecastro the Cleaver (Formicid Fighter)            Turns: 8991, Time: 00:14:54

Health: -17/76     AC:  9    Str: 25    XL:     10   Next: 6%
Magic:  11/13      EV: 13    Int:  8    God:    Okawaru [***...]
Gold:   389        SH:  0    Dex: 13    Spells: 9/9 levels left

rFire   . . .      SeeInvis +   a - +1 war axe
rCold   . . .      Faith    .   (no shield)
rNeg    . . .      Spirit   .   E - +0 swamp dragon scales
rPois   +          Reflect  .   (helmet unavailable)
rElec   .          Harm     .   (no cloak)
rCorr   .          Rampage  .   (no gloves)
Will    +....                   (no boots)
Stlth   ++........              v - amulet of the acrobat
HPRegen 0.22/turn               (no ring)
MPRegen 0.13/turn               (no ring)

@: mighty, heroic
A: permanent stasis, dig shafts and tunnels, antennae 3, four strong arms
a: Dig, Shaft Self, Renounce Religion, Heroism


You were on level 10 of the Dungeon.
You worshipped Okawaru.
Okawaru was most pleased with you.
You visited 2 branches of the dungeon, and saw 9 of its levels.

You collected 389 gold pieces.

Inventory:

Hand Weapons
 a - a +1 war axe (weapon)
 x - a +0 vorpal flail
 D - a +1 morningstar of flaming
Missiles
 t - 4 poisoned darts
 A - 3 boomerangs
Armour
 b - a +0 scale mail
 c - a +0 buckler
 y - a +0 chain mail
 E - +0 swamp dragon scales (worn)
Jewellery
 g - a ring of fire
 v - an amulet of the acrobat (around neck)
 z - an amulet of reflection
 F - a ring of wizardry
Scrolls
 e - 3 scrolls of summoning {unknown}
 f - 3 scrolls of poison {unknown}
 h - 4 scrolls of enchant weapon
 j - a scroll of immolation {unknown}
 k - a scroll of amnesia {unknown}
 l - 2 scrolls of noise {unknown}
 m - 3 scrolls of teleportation {unknown}
 n - a scroll of butterflies {unknown}
 q - a scroll of torment {unknown}
 r - a scroll of blinking {unknown}
 u - a scroll of brand weapon {unknown}
 B - a scroll of fear {unknown}
Potions
 d - a potion of flight
 i - a potion of mutation
 o - a potion of ambrosia
 p - 6 potions of heal wounds
 s - 3 potions of curing
 w - a potion of attraction {unknown}


   Skills:
 + Level 6.1(11.1) Fighting
 - Level 12.0(17.0) Axes
 - Level 3.2(8.2) Armour
 - Level 4.0(9.0) Shields
 - Level 4.0 Invocations


You had 9 spell levels left.
You didn't know any spells.
Your spell library contained the following spells:

 Spells                   Type           Power      Damage    Failure   Level
 Foxfire                  Conj/Fire      0%         2x1d4     52%         1
 Sting                    Tmut/Pois      0%         1d3       52%         1
 Poisonous Vapours        Pois/Air       0%         N/A       67%         2
 Scorch                   Fire           0%         2d5       67%         2
 Conjure Flame            Conj/Fire      0%         6-21      88%         3
 Gell's Gravitas          Tloc           0%         N/A       88%         3
 Inner Flame              Hex/Fire       0%         N/A       88%         3
 Teleport Other           Tloc           0%         N/A       88%         3
 Flame Wave               Conj/Fire      0%         2d4       99%         4
 Olgreb's Toxic Radiance  Pois           0%         N/A       99%         4
 Dispersal                Tloc           0%         N/A       100%        6
 Summon Cactus Giant      Summ           Unusable   N/A       N/A         6

Dungeon Overview and Level Annotations

Branches:
Dungeon (7/15)             Temple (1/1) D:4

Altars:
Cheibriados
Dithmenos
Elyvilon
Fedhas
Gozag
Hepliaklqana
Kikubaaqudgha
Makhleb
Nemelex Xobeh
Okawaru
Qazlal
Sif Muna
Trog
Uskayaw
Vehumet
Wu Jian
Xom
Yredelemnul
Zin
The Shining One

Annotations:
D:7 wormed's ghost, novice DsFi


Innate Abilities, Weirdness & Mutations

You cannot be hasted, slowed, berserked, paralysed or teleported.
You can dig through walls and to a lower floor.
You have a pair of large antennae on your head. (SInv)
Your four strong arms can wield two-handed weapons with a shield.


Message History

Okawaru is honoured by your kill.
Okawaru will now gift you throwing weapons as you gain piety.
Your life force feels restored.
Base training target 12.0 for Axes reached!
Your base Axes skill increases to level 12!
You need to enable at least one skill for training.
Your base Fighting skill gained 3 levels and is now at level 6!
You have reached level 10!
Unknown command.
Unknown command.
Unknown command.
Unknown command.
The death yak misses you.
The death yak snorts and paws the ground.
Unknown command.
You slash the death yak!
The death yak is lightly wounded.
You slash the death yak! The death yak completely misses you.
The death yak gores you!!
* * * LOW HITPOINT WARNING * * *
Unknown command.
You hit the death yak but do no damage.
The death yak is lightly wounded.
You slash the death yak! The death yak misses you. The death yak gores you!!
* * * LOW HITPOINT WARNING * * *
Unknown command.
You slash the death yak!
The death yak is moderately wounded.
You slash the death yak!
Unknown command.
You slash the death yak!
The death yak is heavily wounded.
You slash the death yak! The death yak gores you.
* * * LOW HITPOINT WARNING * * *
The death yak barely misses you.
Unknown command.
You barely miss the death yak.
The death yak is severely wounded.
You slash the death yak! The death yak gores you!!
You die...

#################################
..........................#..#...
..........................#..#...
..........................#..#...
.........†.....Y..........#..#)).
...............Y@.........#..#)..
...........#..####..#######.##...
...........#..#..................
......>....#..#..................
...........#..#.....######.......
...........#..####..#.......#....
...........#..#.....#.......#....
...........#..#.....#.......#....
#########..########.#############


You could see 2 death yaks.

Vanquished Creatures
  A death yak (D:10)
  Maggie (D:6)
  A wyvern (D:6)
  4 ice beasts
  3 sky beasts
  A black bear (D:6)
  3 phantoms
  A necrophage (D:6)
  A scorpion (D:5)
  2 bullfrogs
  A gnoll sergeant (D:5)
  A howler monkey (D:10)
  A gnoll bouda (D:5)
  2 hounds
  An orc priest (D:4)
  4 orc wizards
  3 iguanas
  A hell rat (D:10)
  14 gnolls
  7 adders
  A shadow imp (D:5)
  2 worms
  19 orcs
  2 bats
  5 endoplasms
  A giant cockroach (D:1)
  5 goblins
  4 hobgoblins
  2 jackals (D:3)
  8 quokkas
  2 ball pythons
  3 frilled lizards
  3 kobolds
  7 rats
117 creatures vanquished.

Notes
Turn   | Place    | Note
-------+----------+-------------------------------------------
     0 | D:1      | cdecastro the Formicid Fighter began the quest for the Orb.
     0 | D:1      | Reached XP level 1. HP: 18/18 MP: 1/1
   258 | D:1      | Reached XP level 2. HP: 24/24 MP: 2/2
   382 | D:1      | Found a faded altar of an unknown god.
   692 | D:2      | Reached skill level 3 in Axes
   798 | D:2      | Reached XP level 3. HP: 29/29 MP: 3/3
  1158 | D:2      | Reached skill level 4 in Axes
  1158 | D:2      | Reached XP level 4. HP: 14/35 MP: 4/4
  2076 | D:3      | Reached XP level 5. HP: 33/41 MP: 5/5
  2509 | D:3      | Reached skill level 5 in Axes
  3246 | D:4      | Noticed a sky beast
  3282 | D:4      | HP: 2/41 [sky beast (6)]
  3284 | D:4      | Killed a sky beast
  3285 | D:4      | Reached skill level 6 in Axes
  3285 | D:4      | Reached XP level 6. HP: 3/47 MP: 6/6
  3612 | D:4      | Found a shadowy altar of Dithmenos.
  3923 | D:4      | Found a staircase to the Ecumenical Temple.
  3939 | Temple   | Entered the Ecumenical Temple
  4157 | Temple   | Became a worshipper of Warmaster Okawaru
  4421 | D:5      | Entered Level 5 of the Dungeon
  4429 | D:5      | Noticed an ice beast
  4690 | D:4      | Reached XP level 7. HP: 31/52 MP: 7/7
  4911 | D:4      | Reached skill level 7 in Axes
  5494 | D:5      | HP: 2/52 [gnoll/+0 flail[a gnoll sergeant] (5)]
  5956 | D:5      | Reached * piety under Okawaru
  5957 | D:5      | Reached skill level 8 in Axes
  6113 | D:5      | Reached skill level 1 in Invocations
  6126 | D:5      | Reached XP level 8. HP: 12/58 MP: 9/9
  6551 | D:5      | Found a snail-covered altar of Cheibriados.
  7125 | D:6      | Noticed a wyvern
  7152 | D:6      | Killed a wyvern
  7153 | D:6      | Reached skill level 9 in Axes
  7600 | D:6      | Reached skill level 10 in Axes
  7600 | D:6      | Reached XP level 9. HP: 40/64 MP: 12/12
  7740 | D:6      | Reached ** piety under Okawaru
  7824 | D:6      | Noticed Maggie
  7842 | D:6      | Killed Maggie
  7843 | D:6      | Reached skill level 11 in Axes
  8162 | D:7      | Noticed a cyclops
  8164 | D:7      | Noticed a two-headed ogre
  8172 | D:7      | Noticed wormed's ghost (novice DsFi)
  8485 | D:7      | You fall into a shaft and drop 3 floors!
  8485 | D:10     | Entered Level 10 of the Dungeon
  8958 | D:10     | Noticed a death yak
  8979 | D:10     | Noticed a death yak
  8979 | D:10     | Noticed a death yak
  8984 | D:10     | Killed a death yak
  8984 | D:10     | Reached *** piety under Okawaru
  8985 | D:10     | Reached skill level 12 in Axes
  8985 | D:10     | Reached XP level 10. HP: 50/76 MP: 11/13
  8991 | D:10     | Demolished by a death yak

Illustrated notes

Levels and vault maps discovered:
D:1:      minmay_arrival_semitransparent, layout_loops_ring,
          shapermc_ecumenical_altar_totnotflames
D:2:      layout_loops_ring
D:3:      layout_loops_cross
D:4:      layout_loops_ring, nicolae_dithmenos_shadow_blocks,
          minmay_temple_entry_crystal_x
D:5:      layout_basic, lemuel_crystal_altar
D:6:      layout_basic, uniq_maggie
D:7:      layout_loops_ring, nzn_ghost_randoct
D:10:     layout_grid_maze, dpeg_lair_monsters, hangedman_decor_clover_reticule
Temple:   eino_narrow_crystal_temple

Skill      XL: |  1  2  3  4  5  6  7  8  9 |
---------------+----------------------------+-----
Axes           | 3 4 6 8 10 12 | 12.0
Invocations    | 2 4 |  4.0
Fighting       | 6 |  6.1
Armour         | |  3.2
Shields        | |  4.0

Action                   |  1- 3 |  4- 6 |  7- 9 | 10-12 || total
-------------------------+-------+-------+-------+-------++-------
Melee: War axe           |    64 |   138 |   232 |     5 ||   439
       Punch             |       |       |     3 |       ||     3
Invok: Heroism           |       |       |     9 |       ||     9
  Use: Potion            |       |     1 |     1 |       ||     2
       Scroll            |       |       |     6 |       ||     6
Armor: Scale mail        |    27 |    43 |    51 |       ||   121
       Swamp dragon scal |       |       |    14 |       ||    14
Dodge: Dodged            |    33 |    67 |   119 |     4 ||   223
